 Dungeon Crawl Stone Soup version 0.23.2-40-g277498a001 (webtiles) character file.

Game seed: 3456237037709472920

125 Folks the Conjurer (level 4, -5/33 HPs)
             Began as a Demigod Conjurer on Aug 16, 2019.
             Slain by a gnoll
             ... wielding a +0 whip
              (8 damage)
             ... on level 2 of the Dungeon.
             The game lasted 00:04:46 (1671 turns).

Folks the Conjurer (Demigod Conjurer)               Turns: 1671, Time: 00:04:47

Health: -5/33      AC:  2    Str: 11    XL:     4   Next: 53%
Magic:  4/12       EV: 12    Int: 21    God:
Gold:   104        SH:  0    Dex: 16    Spells: 4/10 levels left

rFire    . . .     SeeInvis .   n - +0 dagger (elec)
rCold    . . .     Gourm    .   (no shield)
rNeg     . . .     Faith    .   a - +0 robe
rPois    .         Spirit   .   (no helmet)
rElec    .         Reflect  .   (no cloak)
rCorr    .         Harm     .   (no gloves)
MR       .....                  (no boots)
Stlth    ++........             (no amulet)
HPRegen  0.11/turn              (no ring)
MPRegen  0.13/turn              (no ring)

@: very slightly contaminated
A: high mp 1
a: no special abilities


You were on level 2 of the Dungeon.
You were not hungry.

You visited 1 branch of the dungeon, and saw 3 of its levels.

You collected 104 gold pieces.

Inventory:

Hand Weapons
 b - a +0 club
 i - a +0 dagger
 m - a +0 short sword
 n - a +0 dagger of electrocution (weapon)
Missiles
 o - 2 throwing nets (quivered)
Armour
 a - a +0 robe (worn)
Scrolls
 d - 3 scrolls of amnesia {unknown}
 g - 7 scrolls of identify {unknown}
 j - a scroll of random uselessness {unknown}
 l - 2 scrolls of teleportation {unknown}
 q - a scroll of immolation {unknown}
Potions
 e - 2 potions of brilliance {unknown}
 h - 2 potions of heal wounds {unknown}
 k - a potion of curing {unknown}
 p - a potion of ambrosia {unknown}
Comestibles
 c - 4 rations
 f - 3 chunks of flesh


   Skills:
 - Level 1.7 Dodging
 - Level 1.7 Stealth
 * Level 3.6 Spellcasting
 + Level 4.3 Conjurations


You had 4 spell levels left.
You knew the following spells:

 Your Spells              Type           Power        Failure   Level  Hunger
a - Magic Dart            Conj           ###.         1%          1    None
b - Searing Ray           Conj           ###...       3%          2    ##.....
c - Dazzling Spray        Conj/Hex       ##....       16%         3    ###....

Your spell library contained the following spells:

 Spells                   Type           Power        Failure   Level  Hunger
 Iskenderun's Mystic Bla  Conj           ###.....     21%         4    ####...
 Force Lance              Conj/Tloc      ##......     45%         4    ####...
 Fulminant Prism          Conj/Hex       ##........   45%         4    ####...


Dungeon Overview and Level Annotations

Branches:
Dungeon (3/15)


Innate Abilities, Weirdness & Mutations

You have an increased reservoir of magic. (+10% MP)


Message History

The gnoll is almost dead. (Press . to maintain the ray.)
The searing ray hits the gnoll but does no damage.
The gnoll is almost dead.
The gnoll hits you.
The searing ray hits the gnoll.
You kill the gnoll!
The searing ray hits the gnoll!
The gnoll is heavily wounded.
You finish channeling your searing ray.
The gnoll hits you with a +0 whip!
* * * LOW HITPOINT WARNING * * *
There is a stone staircase leading up here.
The gnoll hits you with a +0 whip.
* * * LOW HITPOINT WARNING * * *
You climb upwards.
There is a stone staircase leading down here.
You closely miss the gnoll.
The gnoll is heavily wounded.
The gnoll hits you with a +0 whip!
You die...

#.....# #.....# #.....#
#.###.# #####.....###.#
#.#####
#.........(.#.###.....#
#>###..................
###.###.....#.#.###..##.#
#......#.##.....#.(..#..#
#......#.##.#...#(#.....#
#......#@g......(........
###'####....##....#.###.#
####.###############.#...#
#......#...# #.#.###
#......#.#.# #.#.#..
#......#<#.# #.#.'..
######.###.# #.###..
#.........# #.###..
#.......### #...'..


You could see a gnoll.

Vanquished Creatures
  An orc priest (D:3)
  A gnoll (D:3)
  2 adders
  3 worms
  3 dart slugs
  3 orcs (D:3)
  A ball python (D:2)
  2 giant cockroaches (D:3)
  5 hobgoblins
  6 kobolds
  2 quokkas (D:2)
  10 bats
  4 frilled lizards
  5 goblins
  5 rats
53 creatures vanquished.

Vanquished Creatures (others)
  An orc (D:3)
1 creature vanquished.

Grand Total: 54 creatures vanquished

Notes
Turn   | Place    | Note
-------+----------+-------------------------------------------
     0 | D:1      | Folks the Demigod Conjurer began the quest for the Orb.
     0 | D:1      | Reached XP level 1. HP: 14/14 MP: 5/5
   383 | D:1      | Reached XP level 2. HP: 20/20 MP: 5/7
   451 | D:1      | Learned a level 2 spell: Searing Ray
  1072 | D:2      | Reached skill level 4 in Conjurations
  1072 | D:2      | Reached XP level 3. HP: 21/26 MP: 1/9
  1210 | D:2      | Learned a level 3 spell: Dazzling Spray
  1384 | D:3      | Reached XP level 4. HP: 33/33 MP: 1/11
  1525 | D:3      | Found a stormy altar of Qazlal.
  1671 | D:2      | Slain by a gnoll

Skill      XL: |  1  2  3 |
---------------+----------+-----
Spellcasting   | 2 3 |  3.6
Conjurations   | 4 |  4.3
Dodging        | |  1.7
Stealth        | |  1.7

Action                   |  1- 3 |  4- 6 || total
-------------------------+-------+-------++-------
Melee: Club              |    13 |       ||    13
       Unarmed           |     1 |       ||     1
       Dagger            |    37 |    20 ||    57
       Short sword       |     4 |       ||     4
 Cast: Magic Dart        |    11 |     1 ||    12
       Searing Ray       |     7 |     5 ||    12
       Dazzling Spray    |     2 |     1 ||     3
 Stab: Sleeping          |     8 |       ||     8
  Eat: Chunk             |     2 |     1 ||     3
Armor: Robe              |    15 |     2 ||    17
Dodge: Dodged            |    43 |     9 ||    52
